 Dungeon Crawl Stone Soup version 0.26-a0-20-g5f92b90fa0 (webtiles) character file.

Game seed: 7748112936036018791, levelgen mode: deterministic

9974 Esekla the Carver (level 11, 0/135 HPs)
             Began as a Red Draconian Chaos Knight on May 25, 2020.
             Was a Plaything of Xom.
             Slain by a wolf spider (3 damage)
             ... on level 3 of the Lair of Beasts.
             The game lasted 01:12:17 (10705 turns).

Esekla the Carver (Red Draconian Chaos Knight)     Turns: 10705, Time: 01:12:17

Health: 0/135      AC: 12    Str: 18    XL:     11   Next: 30%
Magic:  16/16      EV: 16    Int: 17    God:    Xom [......]
Gold:   445        SH:  5    Dex: 14    Spells: 16/16 levels left

rFire    . . .     SeeInvis .   y - +1 falchion (distort)
rCold    + + .     Gourm    .   (no shield)
rNeg     . . .     Faith    .   (armour unavailable)
rPois    .         Spirit   .   (helmet restricted)
rElec    .         Reflect  +   J - +2 cloak {Stlth+}
rCorr    .         Harm     .   (no gloves)
MR       .....                  l - +1 pair of boots
Stlth    ..........             d - amulet of reflection
HPRegen  0.32/turn              C - ring of protection from cold
MPRegen  0.15/turn              F - ring "Fuutixag" {Ice +Blink Str+4 Int+4}

@: berserking, very quick
A: breathe fire, unfitting armour, fire resistance 1, frail 1, screaming 1,
cold-blooded, AC +7
a: Breathe Fire, Renounce Religion, Evoke Blink


You were on level 3 of the Lair of Beasts.
You worshipped Xom.
You were a very special plaything of Xom.
You were not hungry.

You visited 3 branches of the dungeon, and saw 13 of its levels.

You collected 685 gold pieces.
You spent 240 gold pieces at shops.

Inventory:

Hand Weapons
 p - the cursed +1 falchion "Yminiok" {vorpal, rElec}
   (You took it off an orc on level 6 of the Dungeon)

   It inflicts extra damage upon your enemies.
   It insulates you from electricity.
   It has a curse placed upon it.
 y - a +1 falchion of distortion (weapon)
 A - a cursed +4 falchion of freezing
 G - a +4 spear of freezing
Missiles
 m - 8 javelins
 I - 42 poisoned darts (quivered)
Armour
 l - a +1 pair of boots (worn)
 J - a +2 cloak of stealth (worn)
Jewellery
 d - an amulet of reflection (around neck)
 j - an uncursed amulet of magic regeneration
 B - an uncursed ring of poison resistance
 C - a ring of protection from cold (left hand)
 F - the ring "Fuutixag" (right hand) {Ice +Blink Str+4 Int+4}
   (You found it on level 7 of the Dungeon)

   [ring of ice]

   It enhances your ice magic.
   It affects your strength (+4).
   It affects your intelligence (+4).
   It makes you vulnerable to fire.
   It protects you from cold.
   It lets you blink.
 O - an uncursed ring of protection from cold
Wands
 t - a wand of flame (16)
 v - a wand of paralysis (19)
 K - a wand of iceblast (7)
 M - a wand of random effects (4)
 P - a wand of digging (5)
Scrolls
 c - 3 scrolls of identify
 e - 4 scrolls of amnesia {unknown}
 f - 8 scrolls of enchant armour {unknown}
 g - 6 scrolls of remove curse {unknown}
 i - 4 scrolls of magic mapping {unknown}
 k - 3 scrolls of fear {unknown}
 o - a scroll of enchant weapon {unknown}
 q - 2 scrolls of fog {unknown}
 r - 13 scrolls of teleportation
 w - 2 scrolls of blinking {unknown}
 D - a scroll of immolation {unknown}
 L - a scroll of noise {unknown}
 N - 2 scrolls of brand weapon {unknown}
 R - a scroll of vulnerability {unknown}
 S - a scroll of random uselessness {unknown}
Potions
 a - a potion of haste
 h - 3 potions of flight
 n - 3 potions of brilliance
 s - a potion of resistance
 u - a potion of cancellation
 x - 2 potions of berserk rage
 z - 2 potions of curing
 E - 2 potions of stabbing
 Q - a potion of might
Comestibles
 b - 39 rations
 H - a chunk of flesh


   Skills:
 * Level 10.2 Fighting
 + Level 10.8 Long Blades
 + Level 1.5 Throwing
 + Level 7.2 Dodging
 - Level 5.0 Stealth
 * Level 3.4 Spellcasting
 * Level 5.3 Evocations


You had 16 spell levels left.
You didn't know any spells.
Your spell library contained the following spells:

 Spells                   Type           Power        Failure   Level  Hunger
 Beastly Appendage        Tmut           #.....       17%         1    None
 Sticks to Snakes         Tmut           #.......     26%         2    ##.....
 Confusing Touch          Hex            #.......     45%         3    ###....
 Gell's Gravitas          Tloc           #.........   45%         3    ###....
 Spider Form              Tmut/Pois      #.........   45%         3    ###....
 Ice Form                 Ice/Tmut       #.......     86%         4    ####...
 Petrify                  Tmut/Erth      #.......     86%         4    ####...
 Blade Hands              Tmut           #.........   99%         5    ######.
 Irradiate                Conj/Tmut      #.........   99%         5    ######.
 Metabolic Englaciation   Hex/Ice        #.........   99%         5    ######.
 Yara's Violent Unravell  Hex/Tmut       #.........   99%         5    ######.
 Hydra Form               Tmut           #.........   100%        6    #######
 Statue Form              Tmut/Erth      #........    100%        6    #######
 Dragon Form              Tmut           #.........   100%        7    #######


Dungeon Overview and Level Annotations

Branches:
Dungeon (9/15)             Temple (1/1) D:5            Lair (3/6) D:9
 Spider (0/4) Lair:3
  Swamp: Lair:2-4    Shoals: Lair:2-4       Orc: D:9-12

Altars:
Ashenzari
Cheibriados
Dithmenos
Elyvilon
Fedhas
Gozag
Hepliaklqana
Kikubaaqudgha
Makhleb
Nemelex Xobeh
Okawaru
Qazlal
Ru
Sif Muna
Trog
Uskayaw
Vehumet
Wu Jian
Xom
Yredelemnul
Zin
The Shining One

Shops:
D:4 (   D:5 *   D:7 }


Innate Abilities, Weirdness & Mutations

You can breathe blasts of fire.
Your fiery red scales are hard. (AC +7)
You cannot fit into any form of body armour.
Your flesh is heat resistant. (rF+)
You are cold-blooded and may be slowed by cold attacks.
You are frail. (-10% HP)
You occasionally shout uncontrollably at your foes.


Message History

The mana viper pulls away from the web.
The wolf spider hits you but does no damage.
The wolf spider bites you!
* * * LOW HITPOINT WARNING * * *
The shadow imp is caught in a web!
The ufetubus evades a web.
The iron imp spits at you. The iron imp closely misses you.
The mana viper is caught in a web!
You slash the wolf spider!
Space warps horribly around the wolf spider!
The wolf spider is almost dead.
The wolf spider hits you.
* * * LOW HITPOINT WARNING * * *
The wolf spider bites you but does no damage.
The mana viper pulls away from the web.
The iron imp misses you.
You riposte.
You barely miss the iron imp. You hit the wolf spider.
Space bends around the wolf spider.
The wolf spider is almost dead.
The wolf spider hits you.
You die...
Xom titters!

## #.###
#...##
#.>..##
#.....##
##ยง5^^^#
##s55.##
#@55^.#
###5S.#
#^^^#
#....
.... ...
..


You could see a wolf spider, a mana viper, 2 iron imps, a white imp (summoned),
2 shadow imps and an ufetubus (summoned).

Vanquished Creatures
  Maurice (D:8)
  An ugly thing (D:6)
  2 spiny frogs (Lair:1)
  A komodo dragon (Lair:1)
  A troll (D:9)
  Prince Ribbit (D:8)
  3 hippogriffs
  3 yaks (Lair:2)
  A warg (D:9)
  3 water moccasins
  4 orc warriors
  A porcupine (Lair:1)
  2 phantoms (D:6)
  A sky beast (D:9)
  2 ogres
  A necrophage (D:7)
  8 wolves (Lair:2)
  4 centaurs
  A crocodile (Lair:2)
  A gnoll sergeant (D:7)
  5 bullfrogs
  A water moccasin zombie (D:7)
  3 scorpions
  2 killer bees (D:7)
  2 howler monkeys (D:9)
  3 wights (D:7)
  An electric eel (Lair:3)
  A bullfrog zombie (D:6)
  2 crimson imps
  2 jellies
  A bullfrog skeleton (D:8)
  A centaur skeleton (D:4)
  4 hounds
  5 orc priests
  Crazy Yiuf (D:3)
  2 iguanas
  5 orc wizards
  7 worker ants
  A hound zombie (D:6)
  4 gnolls (D:7)
  9 adders
  2 shadow imps
  An ooze (D:2)
  An adder skeleton (D:9)
  5 worms
  A dart slug (D:1)
  6 leopard geckos
  33 orcs
  5 ball pythons
  4 bats
  2 giant cockroaches
  6 hobgoblins
  7 kobolds
  4 quokkas
  5 frilled lizards
  5 goblins (D:1)
  A jackal zombie (D:4)
  A quokka zombie (D:5)
  24 rats
  2 butterflies (Lair:1)
219 creatures vanquished.

Vanquished Creatures (collateral kills)
  2 trolls (D:9)
  A wyvern (D:9)
  A warg (D:9)
  An orc warrior (D:9)
  A bullfrog (D:9)
  3 orc priests (D:9)
  4 orc wizards (D:9)
  An iguana (D:9)
  A hound zombie (D:9)
  5 orcs (D:9)
  A quokka (D:9)
21 creatures vanquished.

Vanquished Creatures (others)
  A black mamba (Lair:1)
  A troll (D:9)
  A jumping spider (Lair:3)
  A hippogriff (Lair:2)
  A redback (Lair:3)
  2 yaks (Lair:2)
  A warg (D:9)
  A porcupine (Lair:3)
  A water moccasin (Lair:2)
  An ice beast (D:9)
  A sky beast (D:8)
  A necrophage (D:7)
  3 wolves (Lair:2)
  An ogre (D:7)
  A centaur (D:5)
  4 bullfrogs
  A killer bee (D:7)
  2 wights
  2 orc priests (D:9)
  2 orc wizards (D:9)
  An iguana (D:9)
  A plant (Lair:2)
31 creatures vanquished.

Grand Total: 271 creatures vanquished

Notes
Turn   | Place    | Note
-------+----------+-------------------------------------------
     0 | D:1      | Esekla the Draconian Chaos Knight began the quest for the
                  | Orb.
     0 | D:1      | Reached XP level 1. HP: 19/19 MP: 1/1
    28 | D:1      | XOM: silly message
    41 | D:1      | XOM: divination: detect items
   133 | D:2      | Reached XP level 2. HP: 22/26 MP: 2/2
   229 | D:2      | Noticed an ice beast
   238 | D:2      | XOM: silly message
   255 | D:2      | XOM: silly message
   261 | D:2      | XOM: noise
   355 | D:1      | XOM: give mutation
   355 | D:1      | Gained mutation: You are frail. (-10% HP) [Xom's mischief]
   501 | D:2      | XOM: cleaving
   507 | D:3      | XOM: enchant monster (good)
   511 | D:3      | XOM: cast spell 'Summon Butterflies'
   514 | D:3      | XOM: butterfly on damage
   523 | D:3      | HP: 1/24 [leopard gecko (1)]
   797 | D:2      | XOM: 6-stop teleportation journey
   849 | D:2      | Reached XP level 3. HP: 29/29 MP: 3/3
   954 | D:2      | XOM: smoke on damage
  1115 | D:1      | XOM: scenery: create altars
  1139 | D:1      | XOM: silly message
  1434 | D:3      | Found a runed translucent door.
  1435 | D:3      | Noticed Crazy Yiuf
  1519 | D:3      | XOM: god gift: shiny ring mail {god gift}
  1758 | D:3      | XOM: divination: magic mapping
  1820 | D:3      | Reached XP level 4. HP: 29/36 MP: 4/4
  1863 | D:3      | Reached skill level 1 in Stealth
  1939 | D:3      | XOM: 3-stop teleportation journey
  2347 | D:2      | XOM: cast spell 'Summon Small Mammal'
  2385 | D:2      | XOM: confuse monster(s)
  2387 | D:2      | XOM: confuse monster(s)
  2497 | D:3      | Reached XP level 5. HP: 28/42 MP: 5/5
  2754 | D:3      | Killed Crazy Yiuf
  2804 | D:3      | XOM: scenery: 1 doors close
  3061 | D:4      | Noticed a centaur
  3065 | D:4      | Killed a centaur
  3136 | D:4      | Reached skill level 5 in Fighting
  3136 | D:4      | Reached XP level 6. HP: 46/50 MP: 6/6
  3147 | D:4      | Found Fevates's Weapon Boutique.
  3179 | D:4      | Reached skill level 5 in Long Blades
  3577 | D:4      | XOM: summons 4 hostile demons
  3838 | D:4      | Your scales start taking on a fiery red colour.
  3838 | D:4      | Reached XP level 7. HP: 41/54 MP: 7/7
  3838 | D:4      | Gained mutation: Your flesh is heat resistant. (rF+) [Red
                  | Draconian growth]
  4288 | D:5      | Entered Level 5 of the Dungeon
  4291 | D:5      | XOM: chaos upgrade
  4322 | D:5      | Found an ornate altar of the Wu Jian Council.
  4328 | D:5      | XOM: silly message
  4435 | D:5      | XOM: confuse monster(s)
  4579 | D:5      | XOM: cast spell 'Statue Form'
  4612 | D:5      | XOM: enchant monster (good)
  4658 | D:5      | Found a staircase to the Ecumenical Temple.
  4658 | D:5      | XOM: 6-stop teleportation journey
  4666 | D:5      | XOM: give mutation
  4666 | D:5      | Gained mutation: You occasionally shout uncontrollably at
                  | your foes. [Xom's mischief]
  4673 | Temple   | Entered the Ecumenical Temple
  4808 | D:5      | Reached XP level 8. HP: 63/63 MP: 8/8
  4929 | D:5      | Found Asem's Serpentskin Sales.
  5149 | D:7      | XOM: chaos upgrade
  5153 | D:7      | XOM: torment (31/63 hp)
  5418 | D:6      | XOM: summons friendly iron imp
  5496 | D:6      | Reached skill level 5 in Dodging
  5496 | D:6      | Identified the cursed +1 falchion "Yminiok" {vorpal, rElec}
  5838 | D:6      | Noticed a green ugly thing
  5840 | D:6      | XOM: summons friendly crimson imp
  5846 | D:6      | Killed a green ugly thing
  5846 | D:6      | Reached XP level 9. HP: 53/72 MP: 9/9
  5906 | D:5      | Bought an uncursed ring of poison resistance for 240 gold
                  | pieces
  6183 | D:6      | XOM: confusion (+ monsters)
  6428 | D:7      | XOM: stat loss: -1 Int (12/13)
  6527 | D:7      | Found Buint's Gadget Shoppe.
  6531 | D:7      | Got a scintillating ivory ring
  6532 | D:7      | Identified the ring "Fuutixag" {Ice +Blink Str+4 Int+4}
                  | (You found it on level 7 of the Dungeon)
  6546 | D:7      | Found a hide-covered altar of Uskayaw.
  6572 | D:7      | XOM: summons friendly crimson imp
  6581 | D:7      | XOM: god gift: 7 rations
  6614 | D:7      | XOM: swap monsters
  6631 | D:7      | Reached skill level 1 in Evocations
  6916 | D:8      | XOM: enchant monster (bad)
  6923 | D:8      | Reached skill level 5 in Stealth
  7009 | D:8      | Noticed Maurice
  7017 | D:8      | Noticed Prince Ribbit
  7020 | D:8      | XOM: scenery: create altars
  7023 | D:8      | XOM: scenery: create altars
  7027 | D:8      | XOM: scenery: create altars
  7059 | D:8      | Killed Prince Ribbit
  7083 | D:8      | Killed Maurice
  7083 | D:8      | Reached XP level 10. HP: 57/81 MP: 12/12
  7408 | D:9      | Found a staircase to the Lair.
  7410 | D:9      | XOM: potion effect (might)
  7508 | D:9      | Reached skill level 1 in Spellcasting
  7545 | D:9      | Identified the +5 plate armour "Luebu" {rPois rN+ Int-3}
  7668 | D:9      | XOM: 1-stop teleportation journey
  7685 | D:9      | XOM: silly message
  7689 | D:9      | XOM: blink monster(s)
  7957 | D:9      | Reached skill level 10 in Long Blades
  7976 | D:9      | Found a sparkling altar of Nemelex Xobeh.
  7982 | D:9      | Reached skill level 1 in Throwing
  8074 | D:9      | XOM: enchant monster (bad)
  8077 | D:9      | XOM: destruction
  8220 | D:9      | XOM: silly message
  8251 | Lair:1   | Entered Level 1 of the Lair of Beasts
  8264 | Lair:1   | XOM: potion effect (stabbing)
  8410 | Lair:1   | Noticed a spiny frog
  8418 | Lair:1   | XOM: divination: detect items
  8420 | Lair:1   | XOM: silly message
  8432 | Lair:1   | XOM: potion effect (stabbing)
  8433 | Lair:1   | XOM: silly message
  8442 | Lair:1   | Killed a spiny frog
  8569 | Lair:1   | XOM: divination: detect creatures
  8624 | Lair:1   | XOM: silly message
  8674 | Lair:1   | Noticed a black mamba
  8684 | Lair:1   | XOM: smoke on damage
  8685 | Lair:1   | Banished a black mamba
  8781 | Lair:1   | Noticed a spiny frog
  8791 | Lair:1   | Killed a spiny frog
  9276 | Lair:2   | Reached XP level 11. HP: 89/89 MP: 15/15
  9383 | Lair:2   | XOM: divination: detect creatures
  9516 | Lair:2   | XOM: summons friendly shadow imp
  9519 | Lair:2   | XOM: silly message
  9547 | Lair:2   | Reached skill level 10 in Fighting
 10130 | Lair:2   | XOM is BORED!
 10191 | Lair:2   | XOM: silly message
 10195 | Lair:2   | Reached skill level 5 in Evocations
 10434 | Lair:2   | XOM: silly message
 10640 | Lair:3   | XOM: 1-stop teleportation journey
 10689 | Lair:3   | Found a hole to the Spider Nest.
 10689 | Lair:3   | XOM: 2-stop teleportation journey
 10690 | Lair:3   | Noticed a wolf spider
 10698 | Lair:3   | XOM: summons 6 hostile demons
 10699 | Lair:3   | Noticed a mana viper
 10699 | Lair:3   | a jumping spider changed into a mana viper
 10699 | Lair:3   | XOM: polymorph jumping spider -> mana viper
 10703 | Lair:3   | HP: 5/135 [wolf spider (11)]
 10705 | Lair:3   | Slain by a wolf spider

Illustrated notes

Levels and vault maps discovered:
D:1:      mrwooster_arrival_arrow, layout_basic
D:2:      layout_basic
D:3:      layout_loops_ring, chequers_serial_rivers_micro_b, minmay_rat_hole,
          uniq_crazy_yiuf_cottage
D:4:      minmay_bubble_buster, layout_basic, first_ration, serial_shops, shop
D:5:      layout_basic, minmay_temple_entry_nine_rooms, basic_altar,
          minmay_holes, grunt_ministairs_3, guppyfry_shop_venom
D:6:      layout_loops_ring
D:7:      layout_rooms, overflow_temple_1_default, serial_shops, shop
D:8:      layout_rooms, uniq_prince_ribbit1, uniq_maurice
D:9:      layout_rooms, erik_lair_orcish_takeover, nemelex_lonely_heart_becter
Temple:   compressed_dpeg_triangle_lava_temple
Lair:1:   layout_cave_pods, infiniplex_staircase_pool_2, lemuel_fruit_tree,
          lemuel_fruit_fields
Lair:2:   beast_lair_carwin_large_2, layout_small_grid
Lair:3:   layout_gridlike, spider_nest_entry_funnel_web, hibernation_bobbens

Skill      XL: |  1  2  3  4  5  6  7  8  9 10 11 |
---------------+----------------------------------+-----
Fighting       | 4 5 6 7 8 9 10 | 10.2
Stealth        | 1 2 4 5 |  5.0
Long Blades    | 4 5 6 8 9 10 | 10.8
Dodging        | 3 4 5 6 7 |  7.2
Evocations     | 3 4 5 |  5.3
Spellcasting   | 2 3 |  3.4
Throwing       | 1 |  1.5

Action                   |  1- 3 |  4- 6 |  7- 9 | 10-12 || total
-------------------------+-------+-------+-------+-------++-------
Melee: Falchion          |   132 |   178 |   269 |   203 ||   782
       Tailslap          |    17 |    33 |    48 |    40 ||   138
Throw: Javelin           |       |     1 |     9 |     2 ||    12
       Dart              |       |       |       |     4 ||     4
 Abil: Breathe Fire      |       |       |     8 |     4 ||    12
  Use: Scroll            |       |     6 |     1 |     5 ||    12
       Potion            |       |       |     1 |     3 ||     4
 Stab: Petrified         |     3 |       |       |       ||     3
       Sleeping          |     2 |     3 |     4 |     3 ||    12
       Paralysed         |     1 |     2 |     1 |       ||     4
       Confused          |       |       |     2 |       ||     2
       Distracted        |       |       |     2 |       ||     2
  Eat: Chunk             |     2 |     8 |    12 |     9 ||    31
       Ration            |       |       |       |     1 ||     1
Armor: Skin              |    27 |    57 |    73 |    45 ||   202
Dodge: Dodged            |    73 |   109 |   146 |   134 ||   462
Block: Other             |    23 |    44 |    50 |    39 ||   156
       Reflection        |       |     1 |     3 |     3 ||     7
       Rpst.: Falchion   |    20 |    31 |    42 |    40 ||   133

Table legend:
 A = Non-vault XP
 B = Vault XP
 C = Vault XP percentage of total XP
 D = Non-vault monster count
 E = Vault monster count
 F = Vault count percentage of total count
                 A         B        C        D         E       F
            +---------+---------+-------+---------+---------+-------
      Total |   11515 |    2734 |  19.2 |     218 |      50 |  18.7
            +---------+---------+-------+---------+---------+-------
        D:1 |      26 |       0 |   0.0 |      15 |       0 |   0.0
        D:2 |      57 |       0 |   0.0 |      17 |       0 |   0.0
        D:3 |     116 |      60 |  34.1 |      17 |      20 |  54.1
        D:4 |     569 |     178 |  23.8 |      17 |       5 |  22.7
        D:5 |     439 |     230 |  34.4 |      20 |       4 |  16.7
        D:6 |    1174 |       0 |   0.0 |      23 |       0 |   0.0
        D:7 |    1422 |       0 |   0.0 |      29 |       0 |   0.0
        D:8 |    1134 |     806 |  41.5 |      14 |       2 |  12.5
        D:9 |    2200 |     526 |  19.3 |      40 |      10 |  20.0
     Lair:1 |    2002 |       0 |   0.0 |       8 |       0 |   0.0
     Lair:2 |    2202 |     583 |  20.9 |      16 |       7 |  30.4
     Lair:3 |     174 |     351 |  66.9 |       2 |       2 |  50.0
            +---------+---------+-------+---------+---------+-------
